 Seeded DCSS version 0.24.1-14-gf8d2b509d9 (webtiles) character file.

Game seed: 10277596122127264967, levelgen mode: deterministic

289 hikkokomori the Chiller (level 6, -2/44 HPs)
             Began as a Merfolk Ice Elementalist on Mar 2, 2022.
             Slain by Duvessa
             ... wielding a +0 short sword
              (7 damage)
             ... on level 4 of the Dungeon.
             The game lasted 00:13:20 (3696 turns).

hikkokomori the Chiller (Merfolk Ice Elementalist)  Turns: 3696, Time: 00:13:20

Health: -2/44      AC:  3    Str: 13    XL:     6   Next: 31%
Magic:  14/19      EV: 12    Int: 17    God:
Gold:   139        SH:  0    Dex: 14    Spells: 6/11 levels left

rFire    + + +     SeeInvis +   s - +8 trident "Zecoucog" {pierce, rF+++ Str+5 Stlth-}
rCold    . . .     Gourm    .   (no shield)
rNeg     . . .     Faith    .   l - +0 leather armour
rPois    .         Spirit   .   (no helmet)
rElec    .         Reflect  .   (no cloak)
rCorr    .         Harm     .   (no gloves)
MR       .....                  (no boots)
Stlth    +.........             m - amulet of regeneration
HPRegen  0.54/turn              f - ring of magical power
MPRegen  0.16/turn              p - ring of see invisible

@: lethally poisoned (-2 -> -3), very slightly contaminated, glowing
A: change form in water, swift swim, stealthy swim
a: no special abilities


You were on level 4 of the Dungeon.
You were very hungry.

You visited 1 branch of the dungeon, and saw 4 of its levels.

You collected 139 gold pieces.

Inventory:

Hand Weapons
 e - a +1 dagger
 s - the +8 trident "Zecoucog" (weapon) {pierce, rF+++ Str+5 Stlth-}
   (You found it on level 4 of the Dungeon)

   It inflicts extra damage upon your enemies.
   It affects your strength (+5).
   It renders you almost immune to fire.
   It makes you less stealthy.
Armour
 a - a +0 robe
 l - a +0 leather armour (worn)
 n - a scarf of cloud immunity
Jewellery
 f - a ring of magical power (left hand)
 m - an amulet of regeneration (around neck)
 p - a ring of see invisible (right hand)
Scrolls
 b - 2 scrolls of identify
 j - 2 scrolls of magic mapping
 k - a scroll of fear
 q - a scroll of teleportation {unknown}
Potions
 d - 2 potions of curing
 g - 2 potions of lignification
 h - a potion of haste
 o - a potion of heal wounds {unknown}
Comestibles
 c - 5 rations


   Skills:
 + Level 1.9 Fighting
 + Level 0.3 Polearms
 - Level 2.6 Dodging
 + Level 4.5 Stealth
 - Level 3.0 Spellcasting
 - Level 0.7 Conjurations
 + Level 2.0 Hexes
 + Level 4.8 Ice Magic


You had 6 spell levels left.
You knew the following spells:

 Your Spells              Type           Power        Failure   Level  Hunger
a - Freeze                Ice            ###.         3%          1    None
b - Throw Frost           Conj/Ice       ##....       11%         2    ##.....
c - Ensorcelled Hibernat  Hex/Ice        ##....       9%          2    ##.....

Your spell library contained the following spells:

 Spells                   Type           Power        Failure   Level  Hunger
 Corona                   Hex            #......      10%         1    None
 Ozocubu's Armour         Chrm/Ice       ##......     26%         3    ###....
 Confuse                  Hex            #.......     28%         3    ###....
 Tukima's Dance           Hex            #.......     28%         3    ###....
 Dazzling Spray           Conj/Hex       #.....       36%         3    ###....
 Throw Icicle             Conj/Ice       ##......     56%         4    ####...
 Summon Ice Beast         Ice/Summ       ##......     63%         4    ####...


Dungeon Overview and Level Annotations

Branches:
Dungeon (4/15)
 Temple: D:4-7

Altars:
Fedhas
Nemelex Xobeh
Okawaru
Trog
Yredelemnul

Annotations:
D:4 Dowan, Duvessa, Edmund


Message History

It was a scroll of immolation.
You feel sick. Duvessa hits you but does no damage.
Casting: Ensorcelled Hibernation (safe; 9% risk of failure)
Confirm with . or Enter, or press ? or * to list all spells.
Aiming: Ensorcelled Hibernation (safe; 9% risk of failure)
Press: ? - help, Shift-Dir - straight line, f/p - Duvessa
Aim: Duvessa, wielding a +0 short sword and wearing a +0 ring mail (inner flame, chance to defeat MR: 28%) Duvessa easily resists.
Duvessa hits you with a +0 short sword.
Unknown command.
You puncture Duvessa!
Duvessa is moderately wounded.
Dowan points at Duvessa and mumbles some strange words.
Duvessa seems to speed up.
Duvessa hits you with a +0 short sword!
Unknown command.
As you read the scroll labeled NYCICO PULOPSIUH, it crumbles to dust.
You feel blessed for a moment.
It was a scroll of remove curse.
Duvessa hits you with a +0 short sword!
* * * LOW HITPOINT WARNING * * *
Duvessa hits you with a +0 short sword!
You die...

# # ### #
##.## #
##.#.## #
##.#.#.## #
##.#.#.#.## #
##.#.###.#.##
## ##.#.##
##.#.##
.#####.#.##
##@#.##
...##.#.##
##e#.##
####.#.##
##e#.## #
#.#.## ##@#.#
# ##.#.##
#.#.e.#.## ##
##.#.##
##@#.#.## .#
###.#.##
##.#.##
.###.##.#.##
##.#
..#...##.#.##
##


You could see Edmund, Duvessa (inner flame) and Dowan (inner flame).

Vanquished Creatures
  3 orc priests
  An orc wizard (D:3)
  Terence (D:2)
  A worker ant (D:4)
  5 adders
  2 oozes (D:2)
  A worm (D:2)
  3 leopard geckos
  5 orcs
  3 giant cockroaches
  2 gnoll zombies (D:3)
  5 goblins
  9 hobgoblins
  9 kobolds
  A quokka (D:2)
  2 bats (D:3)
  4 frilled lizards
  10 rats
67 creatures vanquished.

Notes
Turn   | Place    | Note
-------+----------+-------------------------------------------
     0 | D:1      | hikkokomori the Merfolk Ice Elementalist began the quest
                  | for the Orb.
     0 | D:1      | Reached XP level 1. HP: 13/13 MP: 3/3
   403 | D:1      | Reached XP level 2. HP: 17/19 MP: 5/5
  1758 | D:2      | Reached XP level 3. HP: 14/24 MP: 6/6
  1841 | D:2      | Found an iron altar of Okawaru.
  1845 | D:2      | Found a blossoming altar of Fedhas.
  2268 | D:2      | Learned a level 2 spell: Throw Frost
  2410 | D:2      | Reached XP level 4. HP: 29/30 MP: 8/8
  2446 | D:2      | Learned a level 2 spell: Ensorcelled Hibernation
  2452 | D:2      | Found a sparkling altar of Nemelex Xobeh.
  2657 | D:2      | Noticed Terence
  2664 | D:2      | Killed Terence
  2896 | D:3      | Reached XP level 5. HP: 26/35 MP: 9/9
  2904 | D:3      | Reached skill level 1 in Hexes
  2910 | D:3      | Reached skill level 1 in Fighting
  3417 | D:3      | Found a basalt altar of Yredelemnul.
  3576 | D:4      | Reached XP level 6. HP: 43/43 MP: 10/10
  3602 | D:4      | Found a bloodstained altar of Trog.
  3665 | D:4      | Got a dazzling trident
  3666 | D:4      | Identified the +8 trident "Zecoucog" {pierce, rF+++ Str+5
                  | Stlth-} (You found it on level 4 of the Dungeon)
  3683 | D:4      | Noticed Dowan
  3684 | D:4      | Noticed Duvessa
  3688 | D:4      | Noticed Edmund
  3696 | D:4      | Slain by Duvessa

Levels and vault maps discovered:
D:1:      lightli_arrival_isolated_outpost, layout_basic
D:2:      layout_loops_cross, lemuel_coloured_pillars_altar,
          chequers_temple_overflow_statue_of_worship, uniq_terence
D:3:      layout_basic, lemuel_zombie_altar_yredelemnul, kennysheep_flooded_box
D:4:      minmay_inner_zag, layout_cave_pods, first_ration, minivault_14,
          trog_three_pillars_becter, uniq_duvessa, uniq_edmund,
          uniq_blork_the_orc

Skill      XL: |  1  2  3  4  5  6 |
---------------+-------------------+-----
Stealth        | 3 4 |  4.5
Ice Magic      | 4 |  4.8
Spellcasting   | 3 |  3.0
Hexes          | 1 2 |  2.0
Fighting       | 1 |  1.9
Polearms       | |  0.3
Dodging        | |  2.6
Conjurations   | |  0.7

Action                   |  1- 3 |  4- 6 || total
-------------------------+-------+-------++-------
Melee: Dagger            |    73 |   117 ||   190
       Unarmed           |     3 |       ||     3
       Trident           |       |     8 ||     8
 Cast: Freeze            |    37 |    35 ||    72
       Throw Frost       |       |     3 ||     3
       Ensorcelled Hiber |       |     3 ||     3
  Use: Scroll            |     4 |     4 ||     8
       Potion            |       |     4 ||     4
 Stab: Sleeping          |     7 |     9 ||    16
  Eat: Chunk             |     1 |     4 ||     5
       Ration            |     1 |       ||     1
Armor: Robe              |     7 |       ||     7
       Leather armour    |     1 |    33 ||    34
Dodge: Dodged            |    55 |    80 ||   135
